Arrhythmia, chaotic female vampiric Convict ---- ------- |%.......s.a@# #####------ |.........)| # ------ #.....| |..........| ### |....| # |.[.^| ------------ # |..#>-#####################################.....| #####....)| |...<| ------ ------ Arrhythmia the Jail-bird Experience level: 8 Strength: 16 Dexterity: 14 Constitution: 20 Intelligence: 9 Wisdom: 9 Charisma: 9 Health: 0(90) Energy: 54(54) AC: 6 Gold: 158 Moves: 5302 Your Inventory: Coins $ - 158 gold pieces Amulets g - a [cursed] concave amulet [of change] Armor e - an [uncursed +0] mummy wrapping C - an [uncursed] +0 hard hat [dwarvish iron helm] (being worn) E - an [uncursed] +0 pair of hard shoes [iron] (being worn) Scrolls f - an [uncursed] scroll labeled READ ME [of enchant armor] h - an [uncursed] scroll of light Wands Y - an [uncursed] wand of striking [0:5] Tools q - an [uncursed] skeleton key Gems W - an [uncursed] stone called Flintluck [flint] Z - an [uncursed] stone called Luckslint [luckstone] Iron balls c - an [uncursed] greased heavy iron ball (chained to you) (weapon in hand) Spells known in the end: Name Level Category Fail Memory a - magic missile 2 attack 100% [||||||..] Your skills at the end: Fighting Skills Weapon Skills sling [Basic / Skilled] Spellcasting Skills Final Attributes: You were piously aligned. Hunger level was 479. Your alignment was 36 / 36. Monster difficulty range was 1 - 8. Level difficulty was 9. You were immune to poison. You were immune to level-drain. You were immune to sickness. You were punished. You could fly. You could survive without air. You regenerated. You were lucky (3). You had extra luck. Bad luck did not time out for you. Good luck did not time out for you. You are dead. Vanquished creatures: a shopkeeper an elf mummy 2 crocodiles a quivering blob a panther 2 leprechauns a horse a dust vortex 2 snakes 2 human zombies a fire ant a wood nymph an orc shaman a rock mole 3 ponies a fog cloud 2 yellow lights a shrieker 5 gnome lords a red naga hatchling a golden naga hatchling a gray ooze 3 giant ants a floating eye 3 dwarves 2 centipedes a giant bat a dwarf zombie an iguana 2 acid blobs 3 brown molds 2 yellow molds 10 gnomes 4 geckos 7 jackals 2 kobolds 2 goblins a sewer rat 13 grid bugs 4 lichens 2 kobold zombies 4 newts 101 creatures vanquished. Voluntary challenges: You went without food. You never hit with a wielded weapon. You read items or engraved 6 times. You put on armor 8 times. You never genocided any monsters. You never polymorphed an object. You never changed form. You used no wishes. You abstained from Elbereth's help. You never encountered a bones level. You never used any Sokoban shortcuts. Dungeon overview: The Dungeons of Doom: levels 1 to 9 Level 1 (Vault) a fountain a long staircase Level 2 a general store, some fountains stairs to The Gnomish Mines Level 4 a fountain Level 5 (Ninfa) a scroll shop, some fountains Level 6 many fountains Level 7 stairs to Sokoban Level 8 a fountain Level 9 <- You were here a sink The Gnomish Mines: Level 3 stairs to The Dungeons of Doom Sokoban: Level 6 a magic chest stairs to The Dungeons of Doom History has recorded: On T:1 you entered the Dungeons of Doom to retrieve the Amulet of Yendor! On T:614 you reached level 2 of The Dungeons of Doom. On T:669 you advanced to experience level 2. On T:794 you reached level 3 of The Dungeons of Doom. On T:1061 you advanced to experience level 3. On T:1072 you reached level 4 of The Dungeons of Doom. On T:1190 you advanced to experience level 4. On T:1546 you reached level 5 of The Dungeons of Doom. On T:1784 you advanced to experience level 5. On T:2168 you reached level 6 of The Dungeons of Doom. On T:2454 you advanced to experience level 6. On T:3044 you advanced to experience level 7. On T:3562 you reached level 1 of The Gnomish Mines. On T:4196 you reached level 7 of The Dungeons of Doom. On T:4233 you advanced to experience level 8. On T:4245 you reached level 3 of Sokoban. On T:4702 you reached level 8 of The Dungeons of Doom. On T:5128 you reached level 9 of The Dungeons of Doom. Latest messages: You're on fire! [HP-26=60] You hit the giant spider! You miss the giant spider. The giant spider bites! The fire ant bites! (2x) You're on fire! [HP-16=44] You hit the giant spider. You bite the giant spider. The giant spider bites! The giant spider's bite was poisoned! The poison doesn't seem to affect you. The fire ant bites! (2x) You're on fire! The giant spider bites! The fire ant bites! (2x) You're on fire! [HP-36=8] The giant spider bites! [HP-4=4] The fire ant bites! You die... Final status: Goodbye Arrhythmia the Convict... You died in The Dungeons of Doom on dungeon level 9 with 6517 points, and 158 pieces of gold, after 5302 moves. You were level 8 with a maximum of 90 hit points when you died.